Cogmind - Beta 13 @@@ ROGUE MODE // 2024.04.01 @ 15:09:58 // Halloween2020/ForbiddenLore Player: Mogwok Wargfriend Result: Destroyed by Enhanced Grunt with Neutron Cannon Performance ------------- Evolutions (3) 1500 Regions Visited (9) 1800 Robots Destroyed (88) 440 Value Destroyed (3091) 3091 Prototype IDs (239) 4780 Alien Tech Used (0) 0 Bonus (3725) 3725 TOTAL SCORE: 15336 Bonus ------- Follower Combat Kills 138 Aligned with FarCom 300 Met Data Miner 300 Used Data Conduit 3000 Friendly Fire -13 Cogmind --------- Core Integrity 0/700 Matter 207/300 Energy 205/300 System Corruption 6% Temperature Cool (0) Movement Core (300) Ox5 Location -7/Data Miner Parts ------- > --- POWER (1) -------- (None) > --- PROPULSION (4) --- (None) > --- UTILITY (6) ------ Coolant Injector Medium Storage Unit Large Battery Core Analyzer > --- WEAPON (2) ------- Particle Gun > --- INVENTORY (10) --- Mining Laser Plasma Cutter Flamer Peak State ------------ > --- POWER ------------ Improved Deuterium Engine > --- PROPULSION ------- Titanium Leg Improved Titanium Leg Flexi-carbon Leg Flexi-carbon Leg > --- UTILITY ---------- Coolant Injector Coolant Injector Medium Storage Unit Large Battery Core Analyzer Layered Light Armor Plating > --- WEAPON ----------- Cooled Particle Cannon Advanced Assault Cannon > --- INVENTORY -------- Flexi-carbon Leg Improved Heat Sink Improved Target Analyzer Thermic Laser Heavy Ion Cannon Heavy Ion Cannon Gauss Rifle Heavy Rocket Launcher Mining Laser Flamer [Rating: 51] Favorites ----------- Power Improved Deuterium Engine Engine Improved Deuterium Engine Power Core Light Nuclear Core Propulsion Aluminum Leg Leg Aluminum Leg Wheel Compact Wheel Hover Unit Gravmag System Flight Unit VTOL Module Utility Medium Storage Unit Device Coolant Injector Storage Medium Storage Unit Processor Core Analyzer Protection Improved Light Armor Plating Weapon Heavy Ion Cannon Energy Gun Small Laser Energy Cannon Heavy Ion Cannon Ballistic Gun Autogun Ballistic Cannon Advanced Assault Cannon Launcher Heavy Rocket Launcher Special Weapon Mining Laser Build | -11 -10 -10 -10 -9 -8 -7 -7 -7 -7 ------- Run | Yrd Mat Min Exi Min Mat Fac Low Low Dat Slots Evolved 6 | . . . . . 4 2 . . . Power . | . . . . . . . . . . Propulsion 2 | . . . . . 2 . . . . Utility 4 | . . . . . 2 2 . . . Weapon . | . . . . . . . . . . Parts Attached 86 | 6 11 . 4 3 16 16 10 17 3 Power 10 | 1 2 . . 1 1 2 2 1 . Engine 8 | 1 1 . . . 1 2 2 1 . Core 2 | . 1 . . 1 . . . . . Reactor . | . . . . . . . . . . Propulsion 24 | 2 3 . 1 1 5 3 4 5 . Treads . | . . . . . . . . . . Leg 19 | . 3 . 1 1 5 3 4 2 . Wheel 2 | 2 . . . . . . . . . Hover 1 | . . . . . . . . 1 . Flight 2 | . . . . . . . . 2 . Utility 25 | 1 2 . 3 1 4 7 2 5 . Device 11 | . 2 . 2 1 1 2 1 2 . Storage 5 | 1 . . 1 . 2 1 . . . Processor 3 | . . . . . 1 1 . 1 . Hackware . | . . . . . . . . . . Protection 6 | . . . . . . 3 1 2 . Artifact . | . . . . . . . . . . Weapon 27 | 2 4 . . . 6 4 2 6 3 Energy Gun 5 | 1 2 . . . . . . 1 1 Energy Cannon 4 | . . . . . 1 1 1 1 . Ballistic Gun 11 | 1 2 . . . 2 2 . 3 1 Ballistic Cannon 1 | . . . . . . . 1 . . Launcher 2 | . . . . . . . . 1 1 Special Weapon 4 | . . . . . 3 1 . . . Impact Weapon . | . . . . . . . . . . Slashing Weapon . | . . . . . . . . . . Piercing Weapon . | . . . . . . . . . . Special Melee Weapon . | . . . . . . . . . . Unidentified Prototypes 4 | . . . 3 . . 1 . . . Parts Lost 37 | . 5 . . 1 1 . 9 16 5 Power 6 | . 2 . . 1 . . 1 2 . Propulsion 11 | . . . . . . . 4 6 1 Utility 7 | . . . . . . . 2 3 2 Weapon 13 | . 3 . . . 1 . 2 5 2 Highest Loss Streak 10 | . 3 . . 1 1 . 3 10 5 To Critical Strikes 1 | . . . . . . . . 1 . Average Slot Usage (%) 92 | . 96 100 92 99 98 99 97 74 53 Engine 4 | . 6 . . . 5 7 6 3 . Core 3 | . 7 14 14 14 3 . . . . Leg 26 | . 18 28 28 28 35 30 28 14 . Device 11 | . 11 14 7 13 10 10 15 12 15 Storage 15 | . 14 14 14 14 17 15 15 15 15 Processor 6 | . . . . . 7 11 7 11 7 Protection 3 | . . . . . . 6 6 3 6 Energy Gun 4 | . 15 14 14 14 1 . . . . Energy Cannon 4 | . . . . . 7 7 6 4 . Ballistic Gun 7 | . 12 14 14 14 8 6 1 2 . Ballistic Cannon 1 | . . . . . . . 5 1 . Naked Turns . | . . . . . . . . . . Heaviest Build 45 | 13 15 15 20 20 35 42 45 43 19 Greatest Support 67 | 32 32 20 20 20 47 67 60 60 9 Greatest Overweight (x) 11 | . . . 1 1 3 1 1 11 2 Average Overweight (x) . | . . . . . . . . 1 1 Largest Inventory Capacity 10 | 8 8 8 10 10 10 10 10 10 10 Average Capacity 9 | 6 8 8 9 10 10 10 10 10 10 Most Carried 10 | 6 8 8 10 10 10 10 10 10 6 Average Carried 8 | 3 7 8 8 9 9 9 9 7 5 Final Capacity 10 | 8 8 8 10 10 10 10 10 10 10 Final Carried 10 | 6 8 8 9 10 10 10 8 6 3 Class Distribution -------------------- 77% | Mutant 22% | Scavenger-Mutant Dominant Class ---------------- Scavenger-Mutant | -10/Materials Scavenger-Mutant | -10/Mines Scavenger-Mutant | -10/Exiles Scavenger-Mutant | -9/Mines Mutant | -8/Materials Mutant | -7/Factory Mutant | -7/Lower Caves Mutant | -7/Lower Caves Mutant | -7/Data Miner Resources | -11 -10 -10 -10 -9 -8 -7 -7 -7 -7 ----------- Run | Yrd Mat Min Exi Min Mat Fac Low Low Dat Matter Collected 2068 | 215 318 40 10 84 278 370 359 394 . Remotely . | . . . . . . . . . . Salvage Created 3314 | . 490 154 . 46 463 794 559 714 94 Parts 172 | . 21 5 . 3 45 42 31 24 1 Haulers Intercepted 1 | . . . . . 1 . . . . Recyclers Shooed 3 | . 1 1 . . . 1 . . . Parts Field Recycled . | . . . . . . . . . . Retrieved Matter . | . . . . . . . . . . Parts Self-Destructed 54 | . . . . . . . 28 26 . Prevented 2 | . . . . . . . . 2 . Kills | -11 -10 -10 -10 -9 -8 -7 -7 -7 -7 ------- Run | Yrd Mat Min Exi Min Mat Fac Low Low Dat Combat Hostiles Destroyed 69 | . 9 3 . 3 5 11 20 16 2 Guns 28 | . 9 3 . 3 . 8 . 5 . Cannons 35 | . . . . . 5 3 20 7 . AOE 5 | . . . . . . . . 3 2 Classes Destroyed 15 | . 4 1 . . 5 3 . 2 . Worker 3 | . 1 1 . . 1 . . . . Builder 3 | . . . . . 2 1 . . . Tunneler 1 | . . . . . 1 . . . . Hauler 1 | . . . . . 1 . . . . Recycler 2 | . 1 1 . . . . . . . Mechanic 2 | . . . . . . 1 . 1 . Operator 3 | . . . . . 2 1 . . . Watcher 4 | . 1 . . . 1 2 . . . Swarmer 21 | . . 3 . 3 . . 11 4 . Grunt 31 | . 9 . . . . 5 9 8 . Brawler 2 | . . . . . . 1 . 1 . Duelist 1 | . . . . . . . . 1 . Sentry 10 | . . . . . 5 4 . 1 . Hunter 1 | . . . . . . . . 1 . Programmer 1 | . . . . . . 1 . . . Enhanced Grunt 2 | . . . . . . . . . 2 Best Kill Streak 7 | . 6 5 . 2 3 6 7 5 2 Combat Bots Only 7 | . 4 3 . 2 2 4 7 4 2 Max Kills in Single Turn 2 | . 1 1 . 1 2 1 2 2 2 Gunslinging . | . . . . . . . . . . Exploded 2 | . . . . . . . . 2 2 Melee . | . . . . . . . . . . Uniques/NPCs Destroyed . | . . . . . . . . . . Combat | -11 -10 -10 -10 -9 -8 -7 -7 -7 -7 -------- Run | Yrd Mat Min Exi Min Mat Fac Low Low Dat Hostile Shots Fired 578 | . 63 10 . 34 22 131 169 133 16 Missed 200 | . 12 2 . 9 9 64 54 44 6 Damage Taken 5899 | . 656 64 . 203 221 643 1768 1931 413 Core 921 | . 120 9 . 52 13 52 247 342 86 Absorbed by Shields . | . . . . . . . . . . Ignored by Resistances 23 | . . . . . . . . . 23 Regen/Repaired (Parts) 23 | . . . . . 23 . . . . Core Remaining (%) 74 | 100 . . . 27 97 . . . . Volleys Fired 282 | . 67 10 . 16 35 53 53 40 8 Largest 2 | . 2 2 . 2 2 2 2 2 1 Hottest 190 | . 80 63 . 63 165 190 78 113 65 Shots Fired 530 | . 126 19 . 32 58 106 105 76 8 Gun 296 | . 126 19 . 32 23 50 4 38 4 Cannon 208 | . . . . . 23 53 101 31 . Launcher 11 | . . . . . . . . 7 4 Special 15 | . . . . . 12 3 . . . Kinetic 248 | . 62 10 . 16 22 50 53 33 2 Thermal 271 | . 64 9 . 16 36 56 52 36 2 Explosive 11 | . . . . . . . . 7 4 Electromagnetic . | . . . . . . . . . . Robot Hit Streak 19 | . 19 8 . 3 6 9 7 9 9 Robot Miss Streak 8 | . 4 2 . 8 5 5 5 2 2 Penetration Max 1 | . . . . . . . . 1 . Secondary Targets . | . . . . . . . . . . Shots Hit Robots 300 | . 82 14 . 14 24 63 51 46 6 Core Hits 155 | . 29 6 . 4 18 32 25 28 13 Critical Kills 1 | . 1 . . . . . . . . Critical Parts Destroyed . | . . . . . . . . . . Critical Strikes 4 | . 1 . . . . . 1 2 . Burn 2 | . . . . . . . . 2 . Destroy 1 | . 1 . . . . . . . . Blast 1 | . . . . . . . 1 . . Melee Attacks . | . . . . . . . . . . Impact . | . . . . . . . . . . Slashing . | . . . . . . . . . . Piercing . | . . . . . . . . . . Sneak Attacks . | . . . . . . . . . . Combat Hostiles . | . . . . . . . . . . Follow-up Attacks . | . . . . . . . . . . Damage Inflicted 7318 | . 972 194 . 188 612 1485 1467 1479 921 Guns 2718 | . 972 194 . 188 199 596 50 480 39 Cannons 3305 | . . . . . 381 889 1417 618 . Explosions 1256 | . . . . . . . . 381 875 Melee . | . . . . . . . . . . Ramming 15 | . . . . . 8 . . . 7 Kinetic 2744 | . 491 126 . 100 199 596 773 420 39 Thermal 3303 | . 481 68 . 88 405 889 694 678 . Explosive 1256 | . . . . . . . . 381 875 Electromagnetic . | . . . . . . . . . . Impact . | . . . . . . . . . . Slashing . | . . . . . . . . . . Piercing . | . . . . . . . . . . Highest Corruption 6 | . . . . . . . . 6 6 Average Corruption 5 | . . . . . . . . 5 6 Corruption Purged . | . . . . . . . . . . Corruption Blocked . | . . . . . . . . . . Effects 26 | . . . . . . . . 19 7 Message Errors 3 | . . . . . . . . 2 1 Matter Fused 7 | . . . . . . . . 4 3 Heat Flow Errors 2 | . . . . . . . . 1 1 Energy Discharges 6 | . . . . . . . . 5 1 Data Loss (minor) 5 | . . . . . . . . 4 1 Data Loss (major) 1 | . . . . . . . . 1 . Misfires 2 | . . . . . . . . 2 . Overload Shots 3 | . . . . . . 3 . . . Overflow Damage 60 | . . . . . 6 6 4 43 1 Projectiles 30 | . . . . . 6 6 4 14 . Explosions 30 | . . . . . . . . 29 1 Melee . | . . . . . . . . . . Knockbacks 8 | . . . . . . . 7 1 . Impact . | . . . . . . . . . . Kinetic 7 | . . . . . . . 6 1 . Secondary 1 | . . . . . . . 1 . . Self-Inflicted Damage 127 | . . . . . . . . 124 3 Shots 4 | . . . . . . . . 4 . Rammed 1 | . . . . . . . . . 1 Targets Rammed 3 | . . . . . 2 . . . 1 Kicked 2 | . . . . . 2 . . . . Crushed . | . . . . . . . . . . Highest Temperature 247 | . 57 . . . 24 193 199 247 195 Average Temperature 60 | . 23 . . . 11 49 105 66 106 Received Heat Transfer 1329 | . 381 . . . 54 156 261 477 . Siege Activations . | . . . . . . . . . . Robots Corrupted . | . . . . . . . . . . Combat Hostiles . | . . . . . . . . . . Parts Fried . | . . . . . . . . . . Impact Corruptions . | . . . . . . . . . . Robots Melted 1 | . . . . . . . . 1 . Combat Hostiles 1 | . . . . . . . . 1 . Parts Melted 6 | . 1 1 . 1 1 2 . . . Heat Transferred 5430 | . 1100 150 . 200 568 1184 925 1303 . Parts Sabotaged . | . . . . . . . . . . Parts Stolen . | . . . . . . . . . . Parts Stripped . | . . . . . . . . . . Power Chain Reactions . | . . . . . . . . . . Alert | -11 -10 -10 -10 -9 -8 -7 -7 -7 -7 ------- Run | Yrd Mat Min Exi Min Mat Fac Low Low Dat Peak Influence 262 | . 262 95 . 90 138 202 . . . Initial 51 | . . . . . 35 51 . . . Average 60 | . 100 61 . 14 47 72 . . . Maximum Alert Level 1 | . 1 . . . . 1 . . . Low Security (%) 96 | 100 83 100 . 100 100 97 . . . Level 1 3 | . 16 . . . . 2 . . . Level 2 . | . . . . . . . . . . Level 3 . | . . . . . . . . . . Level 4 . | . . . . . . . . . . Level 5 . | . . . . . . . . . . High Security . | . . . . . . . . . . Max Security . | . . . . . . . . . . Squads Dispatched 10 | . 1 . . . 2 6 . 1 . Investigation 2 | . . . . . 1 1 . . . Extermination 2 | . . . . . . 2 . . . Reinforcement 5 | . 1 . . . 1 3 . . . Assault 1 | . . . . . . . . 1 . Garrison . | . . . . . . . . . . Intercept . | . . . . . . . . . . Searches Triggered . | . . . . . . . . . . Construction Impeded . | . . . . . . . . . . Haulers Reinforced . | . . . . . . . . . . Active Scanning Responses . | . . . . . . . . . . Cargo Convoy Interrupts . | . . . . . . . . . . Stealth | -11 -10 -10 -10 -9 -8 -7 -7 -7 -7 --------- Run | Yrd Mat Min Exi Min Mat Fac Low Low Dat Distress Signals 6 | . 3 . . . 2 1 . . . Communications Jammed . | . . . . . . . . . . Distress Signals . | . . . . . . . . . . Times Spotted 115 | . 22 6 . 5 15 21 21 21 4 Peak Tracking Total 8 | . 5 3 . 3 3 4 7 8 4 Tactical Retreats 8 | . 3 . . 1 . 2 2 . . Traps | -11 -10 -10 -10 -9 -8 -7 -7 -7 -7 ------- Run | Yrd Mat Min Exi Min Mat Fac Low Low Dat Traps Triggered 3 | . . . . . 1 1 . 1 . Indirectly . | . . . . . . . . . . Trap Hack Attempts . | . . . . . . . . . . Triggered . | . . . . . . . . . . Disarmed . | . . . . . . . . . . Reprogrammed . | . . . . . . . . . . Reused 1 | . . . . . . . . 1 . Traps Extracted . | . . . . . . . . . . Installed 1 | . . . . . . . . 1 . Triggered 2 | . . . . . . . 1 1 . Most Traps Carried 1 | . . . . . . . . 1 . Machines | -11 -10 -10 -10 -9 -8 -7 -7 -7 -7 ---------- Run | Yrd Mat Min Exi Min Mat Fac Low Low Dat Machines Disabled 3 | . . . . . . 3 . . . Max in Single Turn 1 | . . . . . . 1 . . . Garrison Access 2 | . . . . . . 2 . . . Machines Repaired . | . . . . . . . . . . Machines Dismantled . | . . . . . . . . . . Machines Sabotaged . | . . . . . . . . . . Overloaded Fab Kills . | . . . . . . . . . . Hacking | -11 -10 -10 -10 -9 -8 -7 -7 -7 -7 --------- Run | Yrd Mat Min Exi Min Mat Fac Low Low Dat Machines Accessed 31 | . 4 . 5 . 8 9 1 . 4 Terminals 16 | . 4 . . . 7 4 1 . . Fabricators 1 | . . . . . . 1 . . . Repair Stations 2 | . . . . . 1 1 . . . Recycling Units 1 | . . . . . . 1 . . . Scanalyzers . | . . . . . . . . . . Garrison Access 2 | . . . . . . 2 . . . Total Hacks 146 | . 10 . 50 . 23 22 11 . 30 Successful 114 | . 3 . 50 . 7 13 11 . 30 Failed 32 | . 7 . . . 16 9 . . . Catastrophic 11 | . 3 . . . 6 2 . . . Database Lockouts . | . . . . . . . . . . Manual 40 | . 5 . 2 . 20 13 . . . Terminals 49 | . 10 . . . 20 8 11 . . Fabricators 1 | . . . . . . 1 . . . Repair Stations 5 | . . . . . 3 2 . . . Recycling Units 5 | . . . . . . 5 . . . Scanalyzers . | . . . . . . . . . . Garrison Access 6 | . . . . . . 6 . . . Terminal Hacks 99 | . 2 . 50 . 4 2 11 . 30 Record 72 | . . . 49 . . 1 11 . 11 Part Schematic 9 | . . . . . . . . . 9 Robot Schematic 7 | . . . . . . . . . 7 Robot Analysis 4 | . 2 . . . 2 . . . . Prototype ID Bank 3 | . . . . . . . . . 3 Branch Access Points 2 | . . . . . 1 1 . . . Terminal Index 1 | . . . . . 1 . . . . Derelict Proto ID Bank 1 | . . . 1 . . . . . . Fabricator Hacks 1 | . . . . . . 1 . . . Network Status 1 | . . . . . . 1 . . . Repair Station Hacks 3 | . . . . . 2 1 . . . Scan Component 2 | . . . . . 1 1 . . . Repair 1 | . . . . . 1 . . . . Recycling Unit Hacks 1 | . . . . . . 1 . . . Report Inventory 1 | . . . . . . 1 . . . Scanalyzer . | . . . . . . . . . . Garrison Access Hacks 2 | . . . . . . 2 . . . Seal Access 2 | . . . . . . 2 . . . Unauthorized Hacks 8 | . 1 . . . 1 6 . . . Terminals 4 | . 1 . . . 1 2 . . . Assimilate 2 | . . . . . . 2 . . . Operators 2 | . 1 . . . 1 . . . . Fabricators . | . . . . . . . . . . Repair Stations . | . . . . . . . . . . Recycling Units 2 | . . . . . . 2 . . . Reject 1 | . . . . . . 1 . . . Mask 1 | . . . . . . 1 . . . Scanalyzers . | . . . . . . . . . . Garrison Access 2 | . . . . . . 2 . . . Intercept 1 | . . . . . . 1 . . . Watchers 1 | . . . . . . 1 . . . Data Cores Recovered 1 | . . . . . 1 . . . . Used . | . . . . . . . . . . Hacking Detections 19 | . 4 . . . 8 7 . . . Full Trace Events 1 | . . . . . 1 . . . . Feedback Events . | . . . . . . . . . . Feedback Blocked . | . . . . . . . . . . Robot Schematics Acquired 7 | . . . . . . . . . 7 Robots Built . | . . . . . . . . . . Authchips . | . . . . . . . . . . Time . | . . . . . . . . . . Total Robot Build Rating . | . . . . . . . . . . Part Schematics Acquired 9 | . . . . . . . . . 9 Parts Built . | . . . . . . . . . . Authchips . | . . . . . . . . . . Time . | . . . . . . . . . . Total Part Build Rating . | . . . . . . . . . . Parts Repaired 1 | . . . . . 1 . . . . Time 26 | . . . . . 26 . . . . Parts Recycled . | . . . . . . . . . . Recycled Matter . | . . . . . . . . . . Retrieved Matter . | . . . . . . . . . . Retrieved Components . | . . . . . . . . . . Parts Scanalyzed . | . . . . . . . . . . Part Schematics Acquired . | . . . . . . . . . . Parts Damaged . | . . . . . . . . . . Bothacking | -11 -10 -10 -10 -9 -8 -7 -7 -7 -7 ------------ Run | Yrd Mat Min Exi Min Mat Fac Low Low Dat Used RIF Installer . | . . . . . . . . . . Robots Hacked . | . . . . . . . . . . Non-combat . | . . . . . . . . . . Combat . | . . . . . . . . . . Robot Hacks Applied . | . . . . . . . . . . Relay Couplers Released . | . . . . . . . . . . Fabnet Peak Effective % . | . . . . . . . . . . Robots Rewired 2 | . . . . . . . . 2 . Allies Hacked . | . . . . . . . . . . Hacks Repelled . | . . . . . . . . . . Allies | -11 -10 -10 -10 -9 -8 -7 -7 -7 -7 -------- Run | Yrd Mat Min Exi Min Mat Fac Low Low Dat Total Allies 7 | . . . . 3 . 1 . 3 . Largest Group 3 | . . . . 3 3 1 . 3 2 Highest-Rated Group 138 | . . . . 40 40 26 . 138 32 Highest-Rated Ally 106 | . . . . 16 16 26 . 106 16 Total Orders 3 | . . . . . . 3 . . . STAY 1 | . . . . . . 1 . . . FOLLOW 2 | . . . . . . 2 . . . Ally Attacks 38 | . . . . . 32 . . 4 2 Total Damage 549 | . . . . . 337 . . 200 12 Kills 6 | . . . . . 5 . . 1 . Allies Corrupted . | . . . . . . . . . . Allies Melted . | . . . . . . . . . . Intel | -11 -10 -10 -10 -9 -8 -7 -7 -7 -7 ------- Run | Yrd Mat Min Exi Min Mat Fac Low Low Dat Robot Analysis Total 138 | . 2 . . . 2 . . . 134 Derelict Logs Recovered 5 | . . . . 1 . . 2 2 . Drone Launches . | . . . . . . . . . . Drone Recoveries . | . . . . . . . . . . Exploration | -11 -10 -10 -10 -9 -8 -7 -7 -7 -7 ------------- Run | Yrd Mat Min Exi Min Mat Fac Low Low Dat Turns Passed 10430 | 78 814 225 1077 622 1869 2052 1736 1699 258 Spaces Moved 6325 | 65 510 161 732 420 878 1367 1251 809 132 Core 171 | 4 . . . . . . . 167 . Treads . | . . . . . . . . . . Legs 5723 | . 322 161 732 420 878 1367 1251 592 . Wheels 249 | 61 188 . . . . . . . . Hover 182 | . . . . . . . . 50 132 Flight . | . . . . . . . . . . Fastest Speed 50 | 50 100 120 120 120 120 122 120 120 120 Average Speed 140 | 96 112 120 145 135 158 123 122 190 179 Slowest Speed 600 | 100 120 120 190 190 330 193 195 600 180 Overloaded Moves . | . . . . . . . . . . Propulsion Burnouts . | . . . . . . . . . . Robots Hopped . | . . . . . . . . . . Cave-ins Triggered . | . . . . . . . . . . Time Travels 1 | . . . 1 . . . . . . Exploration Rate (%) 61 | 4 79 28 94 75 51 29 99 78 76 Regions Visited 9 Branch Regions 6 Pre-discovered Areas 28 | . . . 1 . . . 3 . 24 Known Exits Taken 1 | . . . . . . 1 . . . Unknown Exits Taken 8 | 1 1 1 1 1 1 . 1 1 . Scrap Searched 11 | . . 1 . 2 . . 4 4 . Spaces Dug 6 | . . . . . 4 2 . . . Terrain Destroyed 132 | . . . . . 15 8 18 68 23 Melee . | . . . . . . . . . . Projectile 45 | . . . . . 15 8 18 4 . AOE 87 | . . . . . . . . 64 23 Terrain Rammed . | . . . . . . . . . . Walls Destroyed . | . . . . . . . . . . Machines Disabled . | . . . . . . . . . . Actions | -11 -10 -10 -10 -9 -8 -7 -7 -7 -7 --------- Run | Yrd Mat Min Exi Min Mat Fac Low Low Dat Total 7384 | 76 638 176 744 446 1285 1639 1345 891 144 Wait 566 | . 21 6 . 4 325 182 26 2 . Move 6316 | 64 509 160 731 419 877 1366 1250 808 132 Hop . | . . . . . . . . . . Pick Up 56 | 6 16 . 1 3 12 7 4 7 . Fast Attach 31 | 6 3 . 2 . 7 3 3 7 . Attach 34 | . 6 . 1 2 4 3 7 8 3 Detach 12 | . 2 . 4 . 3 1 1 1 . Swap 21 | . 2 . 1 1 5 10 . 2 . Drop 53 | . 12 . 4 1 15 14 1 6 . Fire 282 | . 67 10 . 16 35 53 53 40 8 Melee . | . . . . . . . . . . Ram 1 | . . . . . . . . . 1 Kick 2 | . . . . . 2 . . . . Crush . | . . . . . . . . . . Escape Stasis . | . . . . . . . . . . Rewire 9 | . . . . . . . . 9 . Trap 1 | . . . . . . . . 1 . Miscellaneous . | . . . . . . . . . . Route ------- -11/Scrapyard -10/Materials (discovered 3 exits: [*Mat x2] / [*Min]) -10/Mines (discovered 3 exits: [*Mat x2] / *Exi) -10/Exiles (discovered 2 exits: [*Min x2]) -9/Mines -8/Materials -7/Factory (discovered 3 exits: [*Fac] / *Low x2) -7/Lower Caves -7/Lower Caves (discovered 2 exits: [*Fac] / *Dat) -7/Data Miner (discovered 1 exit: [*Pro]) History --------- Turn | Location | Event 13 | -11/Scrapyard | Discovered new exit (range 15) 79 | -11/Scrapyard | Entered Materials 289 | -10/Materials | Discovered new exit (range 16) 318 | -10/Materials | Build established: Mutant 486 | -10/Materials | Lost 3 parts (1p2w) 672 | -10/Materials | Discovered new exit (range 16) 751 | -10/Materials | Build established: Scavenger-Mutant 824 | -10/Materials | Discovered new exit (range 16) 893 | -10/Materials | Entered Mines 899 | -10/Mines | Met a Derelict bent on vengeance 973 | -10/Mines | Discovered new exit (range 7) 987 | -10/Mines | Core integrity fell below 50% 1023 | -10/Mines | Discovered new exit (range 9) 1110 | -10/Mines | Deemed a non-threat by the Exiles lab entrance 1111 | -10/Mines | Discovered new exit (range 5) 1118 | -10/Mines | Entered Exiles 1140 | -10/Exiles | Discovered new exit (range 15) 1176 | -10/Exiles | Met 8R-AWN 1193 | -10/Exiles | Met EX-HEX 1277 | -10/Exiles | Met EX-DEC 1297 | -10/Exiles | Visited The Gauntlet 1496 | -10/Exiles | Learned location of Zion (-6) 1587 | -10/Exiles | Met EX-BIN 1601 | -10/Exiles | Aligned with FarCom system 1602 | -10/Exiles | Given EX-Vault access code 1664 | -10/Exiles | Opened EX-Vault 1682 | -10/Exiles | Found Prototype Device 1682 | -10/Exiles | Identified Chronowheel 1682 | -10/Exiles | Activated Chronowheel 1682 | -10/Exiles | Spacetime reconverged on an earlier point 1686 | -10/Exiles | Found Prototype Device 1686 | -10/Exiles | Identified Supersonic Drone Bay 1704 | -10/Exiles | Found Prototype Device 1704 | -10/Exiles | Identified PSU Rigger 1811 | -10/Exiles | Warned to stay clear of 0b10 Research branches 1970 | -10/Exiles | Build established: Mutant 2058 | -10/Exiles | Discovered new exit (range 11) 2195 | -10/Exiles | Entered Mines 2481 | -9/Mines | Learned Materials stockpile data 2529 | -9/Mines | Build established: Scavenger-Mutant 2750 | -9/Mines | Assisted by bots powering up and referring to "LRC-V3" 2777 | -9/Mines | Discovered new exit (range 5) 2817 | -9/Mines | Entered Materials 2817 | -8/Materials | Accompanied by 3 allies 2817 | -8/Materials | Evolved 4 slots: Propulsion x2, Utility x2 3509 | -8/Materials | Build established: Mutant 3665 | -8/Materials | Repaired Lrg. Battery 4603 | -8/Materials | Discovered new exit (range 16) 4686 | -8/Materials | Entered Factory 4686 | -7/Factory | Evolved 2 slots: Utility x2 5078 | -7/Factory | Discovered new exit (range 11) 6356 | -7/Factory | Identified exit to Lower Caves 6738 | -7/Factory | Entered Lower Caves 7238 | -7/Lower Caves | Lost 3 parts (1p1n1w) 7464 | -7/Lower Caves | Learned Factory interactive machine intel 7621 | -7/Lower Caves | Discovered new exit (range 10) 7732 | -7/Lower Caves | Encountered a Warlord checkpoint 8034 | -7/Lower Caves | Attracted the attention of an 0b10 base 8124 | -7/Lower Caves | Destroyed 7 combat bots 8125 | -7/Lower Caves | Learned location of Extension (-6) 8125 | -7/Lower Caves | Learned location of Armory (-4) 8125 | -7/Lower Caves | Learned location of 1 exit from Factory 8125 | -7/Lower Caves | Learned Armory trap positions 8125 | -7/Lower Caves | Learned Research trap positions 8125 | -7/Lower Caves | Learned Armory terminal intel 8370 | -7/Lower Caves | Lost 3 parts (1n1u1w) 8474 | -7/Lower Caves | Entered another Lower Caves area 8490 | -7/Lower Caves | Discovered new exit (range 7) 9187 | -7/Lower Caves | Learned 4 Factory zone layouts 9227 | -7/Lower Caves | Spotted B-75 Beast 9311 | -7/Lower Caves | Attracted the attention of an 0b10 outpost 9315 | -7/Lower Caves | Core integrity fell below 50% 9399 | -7/Lower Caves | Lost 10 parts (1p4n2u3w) 9420 | -7/Lower Caves | Core integrity fell below 20% 9461 | -7/Lower Caves | Lost 3 parts (1p1u1w) 9500 | -7/Lower Caves | 12-ASH showed up to help 9807 | -7/Lower Caves | Learned 8 Factory zone layouts 10100 | -7/Lower Caves | Encountered a Warlord checkpoint 10149 | -7/Lower Caves | Discovered new exit (range 5) 10173 | -7/Lower Caves | Entered Data Miner 10173 | -7/Data Miner | Accompanied by 2 allies 10173 | -7/Data Miner | Discovered new exit (range 6) 10208 | -7/Data Miner | Met Data Miner 10280 | -7/Data Miner | Learned location of Section 7 (-2) 10280 | -7/Data Miner | Acquired the access code to Warlord's prototype stash 10303 | -7/Data Miner | Received God Mode back door access code from Data Miner 10395 | -7/Data Miner | Interfaced with the Data Conduit 10431 | -7/Data Miner | Destroyed by Enhanced Grunt with Neutron Cannon Last Messages --------------- 10395_ Data Miner disappears through a trap door. Downloaded 134 analysis records. Downloaded 732 prototype IDs. Downloaded central machine database. Downloaded 23 destinations. Downloaded encryption format records. Connection remotely terminated. [Achievement: Unlimited Data] 10398_ System corrupted: Matter fused (-8). 10410_ Trooper 4a destroyed. 10413_ Trooper 4b destroyed. 10418_ Enhanced Grunt destroyed. 10420_ Hvy. Rocket Launcher destroyed. 10422_ System corrupted: Energy discharge (-77). 10422_ Reflective Plating destroyed. 10424_ Slug penetrates Enhanced Grunt. 10424_ Gauss Rifle destroyed. 10429_ Gravmag System destroyed. 10431_ Coolant Injector destroyed. Map ----- +----------------------------------------------------+ | | | | | | | | | | | | | | | | | | | | | | | | | | | | | | | | | | | ?????????????????????????????????????? | | ?????????????????????????????????????? | | ?????????????????????????????????????? | | ?????????????????????????????????????? | | ?????????????????????????????????????# | | ??????###############??????????????### | | ?????"""""""""""""""# ####????????## | | ????"""""""" """" ###### < | | ????""""""" @ g | | ????"""""" % % | | ???"""""" !== g | | ???"""""" % | | ???""""""" | | ????"""""" """"""""""""" | | ????""""""" """"############ | | ????""""""" """""###??????????? | | ?????"""""""" "#####????????????? | | ??????######"## "#????????????????? | | ???????????#"### "#????????????????? | | ???????????#"### "#????????????????? | | ???????????#"## "#????????????????? | | ???????????#"## "#????????????????? | | ?????????????# "#????????????????? | | ?????????????### "#????????????????? | | ???????????????# "##???????????????? | | ??????????????## ""#???????????????? | | ???????????#?## ""#???????????????? | | ??????????##"#"X ""#???????????????? | | ??????????""""" "####????????????? | | ??????????""""" X"""""????????????? | | ??????????##"#"X "##"#????????????? | | ???????????#?## X""""#????????????? | | ??????????????## "##"#????????????? | +----------------------------------------------------+ Best States ------------- Heat Dissipation 48 Coolant Potential 130 Energy Generation 16 Energy Capacity 490 Matter Stores 300 Matter Capacity 300 Sight Range 16 Terrain Scan Density 10 Armor Coverage 225 Resistance: TH 10 Evasion (%) 55 Target Analysis 6 Core Analysis 9 Item Schematics ----------------- Combat Drone Bay | -7/Data Miner | Free Lgt. Regenerative Plating | -7/Data Miner | Free Biomechanical Wings | -7/Data Miner | Free Exp. Utility Shielding | -7/Data Miner | Free Prc. Rocket Launcher | -7/Data Miner | Free Gyrokinetic Inverter | -7/Data Miner | Free Adv. Shield Generator | -7/Data Miner | Free Tesla Rifle | -7/Data Miner | Free Adv. Hardlight Generator | -7/Data Miner | Free Robot Schematics ------------------ W-25 Informer | -7/Data Miner | Free X-62 Marksman | -7/Data Miner | Free G-50 Soldier | -7/Data Miner | Free L-41 Fighter | -7/Data Miner | Free D-63 Destroyer | -7/Data Miner | Free A-15 Conveyor | -7/Data Miner | Free B-60 Warrior | -7/Data Miner | Free Fabricated ------------ Nothing Alien Tech Used ----------------- None Achievements -------------- Maximum Efficiency Unlimited Data Challenges ------------ None Game ------ Seed DisposableBombRegenerator Manual? 0 Play Time 01:08:59 Cumulative 135.4 hours Start 2024.04.01 @ 01:01:34 End 2024.04.01 @ 15:09:58 Sessions 5 Manual Loads 0 Difficulty Rogue Special Mode Halloween2020/ForbiddenLore Game No. 133 Rogue 133 Adventurer 0 Explorer 0 Win Type - Total 0 Types 0/0/0/0/0/0/0/0/0 Lore% 46 Gallery% 58 Achievement% 39 Wizard Run 0 Options --------- Layout 2 ASCII 1 Keyboard 1 Movement Numpad Keybinds 0 Fullscreen 2 Font 32/TamsynBold Map View 50x44 Zoom Use 0% Tactical HUD 1 Map Filters NONE Filters NONE Steam 1 RUN: f9b5d3f0-7a12-4ab7-bcc1-38fb5e2460b2